 Dungeon Sprint DCSS version 0.30.1-11-g7821555f0a (webtiles) character file.

Game seed: 5246306663995885840

208 Heoruswealwe the Spear-Bearer (level 5, -6/53 HPs)
             Began as a Minotaur Fighter on Dec 15, 2023.
             Was an Initiate of Gozag.
             Mangled by a two-headed ogre
             ... wielding a +0 giant club
              (15 damage)
             ... in the Dungeon (Sprint IX: "|||||||||||||||||||||||||||||").
             The game lasted 00:01:03 (111 turns).

Heoruswealwe the Spear-Bearer (Minotaur Fighter)     Turns: 111, Time: 00:01:04

Health: -6/53      AC:  0    Str: 22    XL:     5   Next: 55%
Magic:  4/4        EV: 11    Int:  5    God:    Gozag
Gold:   0          SH:  4    Dex: 10    Spells: 4/4 levels left

rFire   . . .        a - +0 trident
rCold   . . .        k - +0 buckler
rNeg    . . .        (no body armour)
rPois   .            (helmet restricted)
rElec   .            (no cloak)
rCorr   .            (no gloves)
SInv    .            (no boots)
Will    .....        (no amulet)
Stlth   +            (no ring)
HPRegen 0.28/turn    (no ring)
MPRegen 0.09/turn

%: no teleportation
@: no status effects
A: horns 2, retaliatory headbutt
a: Renounce Religion, Potion Petition, Call Merchant, Bribe Branch


You were in the Dungeon.
You worshipped Gozag.
Gozag was noncommittal.
You visited 1 branch

Inventory:

Hand Weapons
 a - a +0 trident (weapon)
 b - a +2 halberd of venom
Armour
 d - a +0 scale mail
 k - a +0 buckler (worn)
Jewellery
 h - a +3 ring of strength
 l - a +2 ring of evasion
Scrolls
 j - 2 scrolls of blinking
Potions
 c - a potion of might
 e - 5 potions of curing
 f - 2 potions of heal wounds
 g - a potion of haste
 i - a potion of berserk rage


   Skills:
 + Level 7.8 Fighting
 * Level 10.1 Polearms
 + Level 7.8 Armour
 - Level 3.6 Shields


You had 4 spell levels left.
You didn't know any spells.
Your spell library was empty.

Dungeon Overview and Level Annotations

Branches:
Dungeon (1/1)

Altars:
Cheibriados
Dithmenos
Elyvilon
Fedhas
Gozag
Hepliaklqana
Kikubaaqudgha
Makhleb
Nemelex Xobeh
Okawaru
Qazlal
Ru
Sif Muna
Trog
Uskayaw
Vehumet
Wu Jian
Xom
Yredelemnul
Zin
The Shining One
Jiyva
Lugonu


Innate Abilities, Weirdness & Mutations

You have a pair of horns on your head.
You reflexively headbutt those who attack you in melee.


Message History

d - a +0 scale mail (worn);
c - a +0 buckler (worn)
Adjust (i)tems, (s)pells, or (a)bilities?
b - a potion of might Adjust to which letter? (? for menu, Esc to quit)
c - a potion of might;
b - a +0 buckler (worn)
You drop a wand of quicksilver (10).
Adjust (i)tems, (s)pells, or (a)bilities?
k - a +2 halberd of venom Adjust to which letter? (? for menu, Esc to quit)
b - a +2 halberd of venom;
k - a +0 buckler (worn)
You start removing your armour.
You continue taking off your +0 scale mail. x4
You finish taking off your +0 scale mail.
Unknown command.
You can't wield that with only one hand.
You see here a +0 helmet.
You see here a +0 pair of gloves.
You see here a +2 ring mail.
h - a +3 ring of strength
l - a +2 ring of evasion You open the door.
A two-headed ogre, a wraith, a yak, a wyvern, a gnoll sergeant and a vampire mosquito come into view.
The two-headed ogre shouts in stereo!
The yak bellows!
The gnoll sergeant shouts!
The vampire mosquito buzzes angrily.
The wyvern hisses angrily.
You hit the two-headed ogre.
The two-headed ogre is lightly wounded.
You hit the two-headed ogre.
The two-headed ogre is lightly wounded.
The two-headed ogre hits you with a +0 giant club!!
* * * LOW HITPOINT WARNING * * *
The two-headed ogre barely misses you.
You puncture the two-headed ogre! You headbutt the two-headed ogre.
The two-headed ogre is moderately wounded.
You closely miss the two-headed ogre. You headbutt the two-headed ogre.
The two-headed ogre is heavily wounded.
The two-headed ogre completely misses you.
The two-headed ogre hits you with a +0 giant spiked club!
You die...
Your body crumbles into a pile of gold. ▓▓▓▓▓▓▓▓▓▓▓▓▓▓▓▓▓▓▓▓▓▓▓▓ _______'!?/.[[[.@OWYl.gy ▓▓▓▓▓▓▓▓▓▓▓▓▓▓▓▓▓▓▓▓▓▓▓▓ $$ $ $$$$$$ $$$$$ $ $ $ $$$$$

You could see a two-headed ogre, a yak, a wraith, a wyvern, a vampire mosquito and a gnoll sergeant.

Vanquished Creatures
  A phantom (D)
  2 howler monkeys (D)
  2 jellies (D)
  A giant cockroach (D)
  A goblin (D)
  A bat (D)
  A kobold (D)
  A rat (D)
10 creatures vanquished.

Notes
Turn   | Place    | Note
-------+----------+-------------------------------------------
     0 | D        | Heoruswealwe the Minotaur Fighter began the quest for the
                  | Orb.
     0 | D        | Reached XP level 1. HP: 19/19 MP: 0/0
     7 | D        | Reached skill level 3 in Polearms
    22 | D        | Noticed a jelly
    22 | D        | Noticed a howler monkey
    22 | D        | Noticed a jelly
    22 | D        | Noticed a howler monkey
    22 | D        | Noticed a phantom
    26 | D        | Killed a jelly
    27 | D        | Reached skill level 5 in Fighting
    27 | D        | Reached skill level 5 in Polearms
    27 | D        | Reached skill level 5 in Armour
    27 | D        | Reached XP level 2. HP: 29/29 MP: 1/1
    27 | D        | Reached XP level 3. HP: 36/36 MP: 2/2
    36 | D        | Reached skill level 7 in Polearms
    36 | D        | Reached XP level 4. HP: 37/44 MP: 3/3
    38 | D        | Reached skill level 8 in Polearms
    44 | D        | Reached XP level 5. HP: 18/52 MP: 4/4
    49 | D        | Killed a phantom
    50 | D        | Reached skill level 10 in Polearms
    55 | D        | Found a snail-covered altar of Cheibriados.
    55 | D        | Found a shadowy altar of Dithmenos.
    55 | D        | Found a white marble altar of Elyvilon.
    55 | D        | Found a blossoming altar of Fedhas.
    55 | D        | Found an opulent altar of Gozag.
    56 | D        | Found a hazy altar of Hepliaklqana.
    57 | D        | Found a viscous altar of Jiyva.
    58 | D        | Found an ancient bone altar of Kikubaaqudgha.
    59 | D        | Found a corrupted altar of Lugonu.
    60 | D        | Found a burning altar of Makhleb.
    61 | D        | Found a sparkling altar of Nemelex Xobeh.
    62 | D        | Found an iron altar of Okawaru.
    63 | D        | Found a stormy altar of Qazlal.
    65 | D        | Became a worshipper of Gozag Ym Sagoz the Greedy
    67 | D        | Found a sacrificial altar of Ru.
    68 | D        | Found a shimmering blue altar of Sif Muna.
    69 | D        | Found a bloodstained altar of Trog.
    70 | D        | Found a hide-covered altar of Uskayaw.
    71 | D        | Found a radiant altar of Vehumet.
    72 | D        | Found an ornate altar of the Wu Jian Council.
    73 | D        | Found a shimmering altar of Xom.
    74 | D        | Found a basalt altar of Yredelemnul.
    75 | D        | Found a glowing silver altar of Zin.
    76 | D        | Found a glowing golden altar of the Shining One.
   107 | D        | Noticed a two-headed ogre
   107 | D        | Noticed a wraith
   107 | D        | Noticed a yak
   107 | D        | Noticed a wyvern
   107 | D        | Noticed a vampire mosquito
   111 | D        | Mangled by a two-headed ogre

Illustrated notes

Levels and vault maps discovered:
D:        linesprint [early_d, line_temple, items_1, d_10, items_2, lair_1,
          lair_end, items_3, orc_1, orc_end, items_4, d_15, swamp_1, shoals_1,
          snake_1, spider_1, d_20, vaults_1, items_5, swamp_end, shoals_end,
          snake_end, spider_end, vaults_end, d_27, items_6, zot_1, zot_end,
          crypt_end, forest_end, elf_end, slime_end, tomb_end, abyss_end,
          pan_hell_end]

Skill      XL: |  1  2  3  4  5 |
---------------+----------------+-----
Polearms       | 5 7 8 10 | 10.1
Fighting       | 5 7 |  7.8
Armour         | 5 6 7 |  7.8
Shields        | |  3.6

Action                     |  1- 3 |  4- 6 || total
---------------------------+-------+-------++-------
  Melee: Trident           |    19 |    17 ||    36
         Headbutt          |     2 |     6 ||     8
    Use: Potion            |     1 |       ||     1
 Armour: Scale mail        |     7 |     4 ||    11
  Dodge: Dodged            |     5 |     6 ||    11
  Block: Buckler           |     2 |       ||     2
